 Dungeon Crawl Stone Soup version 0.20.1-1-g8b1a95d (console) character file.

112 bli the Skirmisher (level 5, 0/42 HPs)
             Began as a Formicid Abyssal Knight on Aug 12, 2017.
             Was a Follower of Lugonu.
             Slain by an ogre
             ... wielding a +0 giant club
              (14 damage)
             ... on level 4 of the Dungeon.
             The game lasted 00:06:01 (2394 turns).

bli the Skirmisher (Formicid Abyssal Knight)        Turns: 2394, Time: 00:06:01

Health: 0/42       AC:  3    Str: 17    XL:     5   Next: 16%
Magic:  6/6        EV: 11    Int: 11    God:    Lugonu [*.....]
Gold:   94         SH:  0    Dex: 11    Spells: 4/4 levels left

rFire    . . .     SeeInvis +   a - +1 short sword
rCold    . . .     Gourm    .   (no shield)
rNeg     . . .     Faith    .   b - +0 leather armour
rPois    .         Spirit   .   (helmet unavailable)
rElec    .         Reflect  .   (no cloak)
rCorr    .         Harm     .   (no gloves)
MR       .....                  (no boots)
Stlth    ++........             (no amulet)
Regen    0.2/turn               (no ring)
MPRegen  0.1/turn               (no ring)

@: no status effects
A: permanent stasis, dig shafts and tunnels, four strong arms, antennae 3
a: Dig, Shaft Self, Depart the Abyss, Renounce Religion


You were on level 4 of the Dungeon.
You worshipped Lugonu.
Lugonu was aware of your devotion.
You were not hungry.

You visited 1 branch of the dungeon, and saw 3 of its levels.
You visited the Abyss 1 time.

You collected 94 gold pieces.

Inventory:

Hand Weapons
 a - a +1 short sword (weapon)
Missiles
 h - 44 stones (quivered)
Armour
 b - a +0 leather armour (worn)
 o - a +0 ring mail
Scrolls
 e - a scroll of blinking {unknown}
 g - 4 scrolls of identify {unknown}
 i - 3 scrolls of fog {unknown}
 k - 3 scrolls of teleportation {unknown}
 l - 2 scrolls of remove curse {unknown}
 n - a scroll of fear {unknown}
 p - a scroll of enchant armour {unknown}
Potions
 m - a potion of flight {unknown}
Comestibles
 c - 2 bread rations
 d - 2 meat rations
 f - 4 fruits
 j - a royal jelly


   Skills:
 * Level 4.1 Fighting
 + Level 2.8 Short Blades
 + Level 2.9 Armour
 + Level 1.1 Dodging
 * Level 2.4 Stealth
 + Level 2.6 Invocations


You had 4 spell levels left.
You didn't know any spells.

Dungeon Overview and Level Annotations

Branches:
Dungeon (2/15)

Altars:

Annotations:
D:2 Sigmund


Innate Abilities, Weirdness & Mutations

You cannot be hasted, slowed, berserked, paralysed or teleported.
You can dig through walls and to a lower floor.
Your four strong arms can wield two-handed weapons with a shield.
You have a pair of large antennae on your head. (SInv)


Message History

An adder skeleton comes into view.
An ogre comes into view. It is wielding a giant club.
The ogre shouts!
Found 22 sling bullets.
Found a stone staircase leading down.
A jackal skeleton comes into view.
You hit the ogre.
The ogre is lightly wounded.
The ogre hits you with a giant club!!
You hit the ogre.
The ogre is moderately wounded.
The ogre closely misses you.
You closely miss the ogre.
The ogre is moderately wounded.
The ogre hits you with a giant club!
You barely miss the ogre.
The ogre is moderately wounded.
You barely miss the ogre.
The ogre is moderately wounded.
The ogre hits you with a giant club!
You die...

#...........#
##...........#
#............#
#.######.#####
#.# #.# #.#
#.# #.# #.#
#.# # ##.#
#Z####.@#
#...(#O##
#..O..Z#
#...#..# #..
...# #. .##.#
#. .> #.. #.
.. ###. # #..
# ##


You could see an ogre and an adder skeleton.

Vanquished Creatures
  A bullfrog (D:4)
  An adder (D:2)
  A worm (D:2)
  A dart slug (D:1)
  A leopard gecko (D:1)
  3 bats
  A giant cockroach (D:1)
  2 goblins
  9 hobgoblins
  A quokka (D:2)
  3 frilled lizards
  A jackal skeleton (D:4)
  10 kobolds
  3 rats (D:1)
38 creatures vanquished.

Notes
Turn   | Place    | Note
-------+----------+-------------------------------------------
     0 | Abyss:1  | bli the Formicid Abyssal Knight began the quest for the Orb.
     0 | Abyss:1  | Reached XP level 1. HP: 18/18 MP: 2/2
    95 | Abyss:1  | Noticed a smoke demon
    96 | Abyss:1  | Noticed a sixfirhy
   117 | Abyss:1  | Noticed a raiju
   121 | D:1      | Escaped the Abyss
   597 | D:1      | Reached skill level 1 in Stealth
   625 | D:1      | Reached XP level 2. HP: 22/24 MP: 3/3
   661 | D:1      | Reached * piety under Lugonu
  1040 | D:1      | Reached skill level 1 in Dodging
  1041 | D:1      | Reached XP level 3. HP: 23/29 MP: 4/4
  1986 | D:2      | Reached XP level 4. HP: 34/37 MP: 5/5
  2088 | D:2      | Noticed Sigmund
  2100 | D:2      | You fall through a shaft for 2 floors!
  2264 | D:4      | Noticed a bullfrog
  2276 | D:4      | Killed a bullfrog
  2276 | D:4      | Reached skill level 4 in Fighting
  2276 | D:4      | Reached XP level 5. HP: 26/42 MP: 6/6
  2385 | D:4      | Noticed an ogre
  2394 | D:4      | Slain by an ogre

Skill      XL: |  1  2  3  4 |
---------------+-------------+-----
Stealth        | 1 2 |  2.4
Dodging        | 1 |  1.1
Fighting       | 4 |  4.1
Short Blades   | |  2.8
Armour         | |  2.9
Invocations    | |  2.6

Action                   |  1- 3 |  4- 6 || total
-------------------------+-------+-------++-------
Melee: Short sword       |   119 |    30 ||   149
Invok: Depart the Abyss  |     1 |       ||     1
 Abil: Dig               |     3 |       ||     3
       Shaft Self        |       |     1 ||     1
  Eat: Chunk             |     3 |     2 ||     5
Armor: Leather armour    |    15 |     9 ||    24
Dodge: Dodged            |    54 |    15 ||    69
